Map: Cerulean Fall LE

Players

Marsman

  • Race: Protoss Protoss
  • League: Grandmaster
  • Spawn Location: 1:00

liquidthermy (uThermal) - Winner!

  • Race: Terran Terran
  • League: Master
  • Spawn Location: 7:00

Event: DSCL Nationals 2018 - Finals

VOD

Have the link to the VOD?

Description

Time

  • Played on: Dec. 1, 2018, 11:15 a.m.
  • Length: 7:48

All games in this series

Show
View Real Time Build Order
Export as new Build Order

Marsman Protoss 

Build Orders: 1 Gate Expand, Oracle Opening, Phoenix Opening 

Get SALT Encoding   

  12  0:00  Probe  
  13  0:12  Probe  
  14  0:18  Pylon  
  14  0:25  Probe  
  15  0:36  Gateway  
  15  0:37  Probe  
  16  0:44  Assimilator  
  16  0:45  Probe  
  17  0:53  Probe  
  18  1:05  Probe  
  19  1:17  Probe  
  20  1:23  Cybernetics Core  
  20  1:35  Nexus  
  20  1:41  Assimilator  
  20  1:46  Pylon  
  20  1:49  Probe  
  20  1:51  Adept  
  23  2:02  Warp Gate  
  23  2:04  Probe  
  23  2:08  Stalker  
  24  2:18  Probe  
  27  2:30  Probe  
  28  2:42  Probe  
  29  2:45  Probe  
  29  2:47  Stargate  
  29  2:51  Stalker  
  32  2:53  Probe  
  32  2:54  Probe  
  34  3:02  Probe  
  34  3:06  Probe  
  36  3:14  Probe  
  36  3:18  Gateway  
  36  3:19  Probe  
  38  3:20  Gateway  
  38  3:21  Oracle  
  38  3:26  Probe  
  39  3:34  Probe  
  43  3:38  Probe  
  44  3:41  Pylon  
  44  3:45  Pylon  
  44  3:46  Probe  
  45  3:50  Probe  
  45  3:52  Phoenix  
  45  3:55  Assimilator  
  46  4:00  Probe  
  46  4:02  Probe  
  50  4:12  Probe  
  50  4:14  Probe, Phoenix  
  54  4:24  Probe, Pylon  
  55  4:26  Probe  
  55  4:27  Twilight Council  
  56  4:34  Blink  
  53  4:49  Probe  
  53  4:50  Probe  
  55  4:58  Phoenix  
  57  5:01  Probe  
  57  5:02  Probe  
  59  5:13  Probe  
  58  5:16  Probe  
  58  5:18  Nexus  
  58  5:19  Pylon  
  59  5:23  Gateway  
  59  5:24  Gateway  
  59  5:27  Probe  
  60  5:29  Gateway  
  60  5:31  Probe  
  61  5:35  Sentry x2  
  61  5:36  Pylon  
  61  5:37  Pylon  
  61  5:39  Probe  
  66  5:43  Forge  
  66  5:55  Gateway  
  66  5:56  Probe, Gateway  
  66  5:57  Probe  
  68  6:00  Shield Battery  
  68  6:08  Probe  
  69  6:17  Sentry  
  69  6:18  Stalker x3  
  75  6:22  Probe  
  78  6:31  Robotics Facility  
  78  6:34  Probe  
  78  6:35  Probe  
  78  6:36  Pylon  
  80  6:41  Stalker x2  
  80  6:46  Zealot x2  
  88  6:52  Stalker x2  
  88  6:54  Probe  
  93  7:04  Stalker x2  
  97  7:09  Zealot x4  
  89  7:23  Stalker x2  
  79  7:30  Stalker x2  
  79  7:31  Zealot x4  
Show
View Real Time Build Order
Export as new Build Order

liquidthermy Terran - Winner!

Build Orders: Reaper Expand 

Get SALT Encoding   

  12  0:02  SCV  
  13  0:14  SCV  
  13  0:17  Supply Depot  
  14  0:26  SCV  
  15  0:39  SCV  
  15  0:40  Barracks  
  16  0:45  Refinery  
  16  0:51  SCV  
  17  1:03  SCV  
  18  1:15  SCV  
  19  1:27  Orbital Command  
  19  1:28  Reaper  
  20  1:41  Command Center  
  20  1:50  Supply Depot  
  20  1:53  SCV  
  21  2:00  Marine  
  22  2:05  SCV  
  23  2:08  Factory  
  23  2:15  Refinery  
  23  2:17  SCV  
  23  2:22  Barracks Reactor  
  24  2:29  SCV  
  25  2:41  SCV  
  25  2:53  Starport, Orbital Command  
  25  2:55  Bunker, SCV  
  25  2:56  Widow Mine  
  28  2:59  Marine x2  
  30  3:07  SCV  
  31  3:16  Marine  
  31  3:17  Marine  
  31  3:19  SCV x2  
  35  3:21  Widow Mine  
  37  3:29  Medivac  
  37  3:32  SCV  
  37  3:33  Barracks  
  37  3:34  SCV  
  41  3:38  Supply Depot, Marine  
  42  3:42  Widow Mine  
  42  3:47  Barracks  
  44  3:50  SCV  
  44  3:51  SCV  
  46  4:00  Marine x2  
  46  4:01  Engineering Bay  
  48  4:05  Supply Depot, SCV  
  48  4:07  Factory Tech Lab  
  48  4:08  Starport Tech Lab  
  49  4:13  SCV  
  50  4:19  Marine x2  
  50  4:23  SCV  
  53  4:28  SCV  
  53  4:30  Missile Turret  
  51  4:33  Factory Reactor, Marine, Stimpack  
  51  4:35  Starport Reactor  
  51  4:37  Marine  
  52  4:38  SCV  
  51  4:46  Marine x2, Combat Shield  
  51  4:48  SCV  
  51  4:50  SCV  
  55  4:56  Supply Depot, Terran Infantry Weapons Level 1  
  51  5:00  Marine, SCV  
  51  5:01  Missile Turret  
  51  5:02  Marine  
  51  5:03  Marine, SCV  
  56  5:09  Widow Mine  
  56  5:12  Medivac, SCV  
  59  5:15  SCV  
  60  5:21  Refinery  
  60  5:23  Marine  
  60  5:24  Supply Depot, Marine, SCV  
  60  5:27  SCV  
  60  5:28  Medivac  
  66  5:29  Marine  
  66  5:35  Supply Depot  
  65  5:36  SCV  
  65  5:38  Widow Mine  
  65  5:39  SCV  
  69  5:44  Marine  
  69  5:46  Widow Mine  
  69  5:48  Marauder, Marine  
  69  5:49  Supply Depot  
  75  5:52  Supply Depot  
  75  5:54  SCV x2  
  75  5:55  Marine  
  78  6:01  Medivac  
  80  6:05  Marine x2, Refinery  
  80  6:08  Medivac  
  84  6:12  Marine  
  84  6:14  Marauder  
  84  6:16  Widow Mine  
  84  6:17  Widow Mine  
  89  6:20  Supply Depot  
  89  6:22  Marine  
  90  6:26  Marine  
  90  6:27  Supply Depot, Concussive Shells, Liberator  
  90  6:30  Marine  
  92  6:35  Marine  
  92  6:38  Widow Mine x2  
  97  6:42  Marine  
  101  6:48  Marauder  
  101  6:53  Marine  
  101  6:54  Marine  
  105  6:57  Command Center  
  105  7:00  Marine  
  106  7:05  Widow Mine x2  
  108  7:09  Marine  
  108  7:11  Marine  
  108  7:12  Marauder, Supply Depot  
  97  7:23  Marine  
  97  7:28  Marine  
Tags
 
Add a new tag
Caveats
  • Supply blocks, unpowered buildings, or Contaminate may cause inaccurate times.
  • Supply counts are checked every 10 seconds.